 Dungeon Crawl Stone Soup version 0.30.1-3-gfc49f6343a (webtiles) character file.

Game seed: 6738919300568060885

2522 shmup the Arsonist (level 9, -3/51 HPs)
             Began as a Tengu Fire Elementalist on July 29, 2023.
             Slain by an orc warrior
             ... wielding a +0 mace
              (10 damage)
             ... on level 9 of the Dungeon.
             The game lasted 00:21:00 (9448 turns).

shmup the Arsonist (Tengu Fire Elementalist)        Turns: 9448, Time: 00:21:01

Health: -3/51      AC:  4    Str:  8    XL:     9   Next: 54%
Magic:  10/13      EV: 16    Int: 19    God:
Gold:   526        SH:  0    Dex: 16    Spells: 3/12 levels left

rFire   . . .        j - +0 dagger
rCold   . . .        (no shield)
rNeg    . . .        a - +0 robe
rPois   +            (helmet restricted)
rElec   .            (no cloak)
rCorr   .            p - +1 pair of gloves
SInv    .            (boots unavailable)
Will    .....        (no amulet)
Stlth   ++           k - ring of poison resistance
HPRegen 0.28/turn    (no ring)
MPRegen 0.13/turn

%: no passive effects
@: flying quickly and evasively, slowed, very slow
A: beak, talons 3, nimble flight
a: no special abilities


You were on level 9 of the Dungeon.
You visited 2 branches of the dungeon, and saw 10 of its levels.
You also visited: Ossuary.

You collected 526 gold pieces.

Inventory:

Hand Weapons
 j - a +0 dagger (weapon)
 l - a +0 dagger
Missiles
 e - 89 stones (quivered)
 f - 9 javelins
 C - 6 poisoned darts
 D - 2 boomerangs
 E - a throwing net
 I - 2 silver boomerangs
Armour
 a - a +0 robe (worn)
 p - a +1 pair of gloves (worn)
 F - the +0 robe "Suovomp" {-Cast rPois Regen+ Int-4}
   (You found it on level 7 of the Dungeon)

   Int:       It affects your intelligence (-4).
   rPois:     It protects you from poison.
   -Cast:     It prevents spellcasting.
   Regen:     It increases your rate of health regeneration.
Magical Staves
 H - a staff of earth
Jewellery
 k - a ring of poison resistance (left hand)
Wands
 o - a wand of roots (8)
 r - a wand of polymorph (9)
 z - a wand of flame (29)
Scrolls
 b - a scroll of enchant armour
 c - 4 scrolls of teleportation
 g - a scroll of magic mapping {unknown}
 i - a scroll of butterflies {unknown}
 m - a scroll of noise
 t - 2 scrolls of silence {unknown}
 u - a scroll of blinking {unknown}
 w - 2 scrolls of enchant weapon {unknown}
 y - a scroll of immolation
 G - a scroll of fog {unknown}
Potions
 d - 5 potions of curing
 h - a potion of heal wounds
 n - 3 potions of might
 q - a potion of haste
 s - a potion of attraction
 v - a potion of flight
 x - a potion of ambrosia {unknown}
 A - a potion of brilliance {unknown}
 B - a potion of cancellation {unknown}


   Skills:
 + Level 3.4 Fighting
 + Level 4.4 Dodging
 - Level 2.0 Stealth
 - Level 2.0 Spellcasting
 + Level 8.1 Conjurations
 - Level 2.0 Hexes
 - Level 2.0 Translocations
 * Level 10.2 Fire Magic


You had 3 spell levels left.
You knew the following spells:

 Your Spells              Type           Power      Damage    Failure   Level
a - Foxfire               Conj/Fire      100%       2x1d9     1%          1
b - Scorch                Fire           80%        2d8       1%          2
c - Inner Flame           Hex/Fire       25%        N/A       4%          3
d - Volatile Blastmotes   Fire/Tloc      50%        2d14      4%          3

Your spell library contained the following spells:

 Spells                   Type           Power      Damage    Failure   Level
 Dazzling Flash           Conj/Hex       42%        N/A       6%          3
 Slow                     Hex            36%        N/A       8%          1
 Confusing Touch          Hex            9%         N/A       22%         3
 Vampiric Draining        Necr           1%         2d6       45%         3
 Flame Wave               Conj/Fire      36%        2d10      3%          4
 Fireball                 Conj/Fire      18%        3d9       11%         5
 Fulminant Prism          Conj/Hex       10%        3d8       22%         4
 Iskenderun's Mystic Bla  Conj/Tloc      21%        2d6       22%         4
 Starburst                Conj/Fire      18%        6d7       52%         6
 Silence                  Hex/Air        2%         N/A       97%         5
 Plasma Beam              Fire/Air       10%        2x1d23    97%         6
 Agony                    Necr           1%         N/A       99%         5
 Lee's Rapid Deconstruct  Erth           0%         3d4*      99%         5


Dungeon Overview and Level Annotations

Branches:
Dungeon (8/15)             Temple (1/1) D:6         Ossuary (visited)
   Lair: D:8-11

Altars:
Ashenzari
Dithmenos
Elyvilon
Fedhas
Gozag
Hepliaklqana
Kikubaaqudgha
Makhleb
Nemelex Xobeh
Okawaru
Qazlal
Ru
Sif Muna
Trog
Uskayaw
Vehumet
Wu Jian
Xom
Yredelemnul
Zin
The Shining One

Shops:
D:3 (

Annotations:
D:3 exclusion: downstairs
D:5 exclusion: downstairs
D:7 3 exclusions, Maggie


Innate Abilities, Weirdness & Mutations

You have a beak for a mouth.
You have claws for feet.
Your magical nature lets you fly swiftly and evasively.


Message History

Unknown command.
You hit the vampire but do no damage. You claw the vampire.
The vampire is lightly damaged.
The wraith barely misses you.
The vampire gestures at you while chanting.
You resist with some effort.
You barely miss the wraith.
The wraith is lightly damaged.
The vampire barely misses you. The vampire bites you!
* * * LOW HITPOINT WARNING * * *
The vampire draws strength from your injuries!
The wraith barely misses you.
Unknown command.
You're too confused to cast spells.
Unknown command.
You hit the vampire but do no damage. You claw the vampire.
You peck the vampire, but do no damage.
The vampire is moderately damaged.
You feel less confused. The wraith hits you!
* * * LOW HITPOINT WARNING * * *
The wraith drains your vigour!
You feel yourself slow down.
The vampire casts a spell.
The vampire flickers and vanishes!
Deactivating autopickup; reactivate with Ctrl-A.
As you read the scroll of teleportation, it crumbles to dust.
You feel strangely unstable. Something barely misses you. Something bites you.
* * * LOW HITPOINT WARNING * * *
Something draws strength from your injuries!
The wraith hits you.
* * * LOW HITPOINT WARNING * * *
Something hits you!
* * * LOW HITPOINT WARNING * * *
Something bites you but does no damage.
Your surroundings suddenly seem different.
A killer bee, an orc warrior, a hornet and a shadow come into view.
Found a book of Spectacle.
The orc warrior shouts!
The orc warrior hits you with a +0 mace!
You die...

.............
W..........
.........
..y.... .....
...▒ ▒..▒ ▒Q▒
▒o▒ ... .▒...
.:▒.... .▒
▒.▒▒▒▒ .. ▒.▒
.▒ ▒.▒


You could see an orc warrior, a shadow and a killer bee (wandering).

Vanquished Creatures
  A hornet (D:9)
  Eustachio (D:4)
  Duvessa (D:4)
  A sky beast (D:7)
  An ice beast (D:6)
  2 black bears (D:6)
  An ogre (D:5)
  3 phantoms
  An elf zombie (Ossuary)
  2 bullfrogs
  A gnoll sergeant (D:6)
  5 scorpions
  3 wights (D:7)
  Dowan (D:4)
  A howler monkey (D:9)
  A jelly (D:5)
  3 hounds
  3 iguanas
  Ijyb (D:4)
  Terence (D:3)
  2 orc wizards (D:8)
  Natasha (twice) (D:3)
  2 mummies (Ossuary)
  Robin (D:2)
  5 gnolls
  8 adders
  2 ufetubi
  3 worms
  A dart slug (D:1)
  8 orcs
  5 ball pythons
  8 endoplasms
  2 giant cockroaches
  4 gnoll zombies (Ossuary)
  12 goblins
  3 hobgoblins (D:2)
  4 kobolds
  3 quokkas
  4 bats
  2 frilled lizards
  3 goblin zombies (Ossuary)
  3 hobgoblin zombies (Ossuary)
  3 orc zombies (Ossuary)
  10 rats
134 creatures vanquished.

Vanquished Creatures (others)
  213 foxfires
213 creatures vanquished.

Grand Total: 347 creatures vanquished

Notes
Turn   | Place    | Note
-------+----------+-------------------------------------------
     0 | D:1      | shmup the Tengu Fire Elementalist began the quest for the
                  | Orb.
     0 | D:1      | Reached XP level 1. HP: 10/10 MP: 4/4
     2 | D:1      | Noticed a human
     2 | D:1      | Noticed a gargoyle
     4 | D:1      | Noticed a demonspawn
     4 | D:1      | Noticed a merfolk
     6 | D:1      | Noticed an armataur
     8 | D:1      | Noticed a felid
     8 | D:1      | Noticed a ghoul
    12 | D:1      | Noticed a naga
    12 | D:1      | Noticed a demigod
    14 | D:1      | Noticed a formicid
    14 | D:1      | Noticed a tengu
    16 | D:1      | Noticed an elf
    16 | D:1      | Noticed an ogre
    18 | D:1      | Noticed a spriggan
    18 | D:1      | Noticed a draconian
    20 | D:1      | Noticed a troll
    20 | D:1      | Noticed a vampire
    22 | D:1      | Noticed a minotaur
    22 | D:1      | Noticed a meteoran
    24 | D:1      | Noticed an elf
    24 | D:1      | Noticed an octopode
    26 | D:1      | Noticed a formicid
    26 | D:1      | Noticed a demonspawn
   132 | D:1      | Found a faded altar of an unknown god.
   366 | D:1      | Reached XP level 2. HP: 8/15 MP: 1/6
   513 | D:1      | Learned a level 2 spell: Scorch
  1089 | D:2      | Reached skill level 4 in Fire Magic
  1166 | D:2      | Reached XP level 3. HP: 19/19 MP: 2/7
  1170 | D:2      | Learned a level 3 spell: Inner Flame
  1575 | D:2      | Reached XP level 4. HP: 24/24 MP: 4/8
  1631 | D:2      | Noticed Robin
  1635 | D:2      | Killed Robin
  1732 | D:2      | Reached skill level 5 in Fire Magic
  2148 | D:3      | Noticed Terence
  2171 | D:3      | Killed Terence
  2172 | D:3      | Gained mutation: Your magical nature lets you fly swiftly
                  | and evasively. [Tengu growth]
  2172 | D:3      | Reached XP level 5. HP: 5/28 MP: 0/9
  2536 | D:3      | Found Ugegaeh's Antique Weapon Emporium.
  2802 | D:3      | Noticed Natasha
  2813 | D:3      | Killed Natasha
  2959 | D:3      | Noticed Natasha
  2969 | D:3      | Killed Natasha
  3097 | D:3      | Reached skill level 6 in Fire Magic
  3321 | D:4      | Noticed Duvessa
  3322 | D:4      | Noticed Dowan
  3499 | D:4      | Reached XP level 6. HP: 32/32 MP: 7/10
  3695 | D:4      | Found a shadowy altar of Dithmenos.
  4103 | D:4      | Killed Duvessa
  4104 | D:4      | Reached skill level 5 in Conjurations
  4104 | D:4      | Reached skill level 7 in Fire Magic
  4145 | D:4      | Killed Dowan
  4146 | D:4      | Reached XP level 7. HP: 7/36 MP: 2/11
  4625 | D:4      | Noticed Ijyb
  4625 | D:4      | Noticed Eustachio
  4671 | D:5      | Entered Level 5 of the Dungeon
  4946 | D:5      | Reached skill level 8 in Fire Magic
  5255 | D:5      | Reached XP level 8. HP: 41/41 MP: 10/12
  5359 | D:5      | Found a white marble altar of Elyvilon.
  6032 | D:4      | Killed Eustachio
  6033 | D:4      | Reached skill level 1 in Fighting
  6048 | D:4      | Killed Ijyb
  6049 | D:4      | Reached skill level 1 in Translocations
  6346 | D:6      | Reached skill level 1 in Hexes
  6346 | D:6      | Reached skill level 9 in Fire Magic
  6996 | D:6      | Found a staircase to the Ecumenical Temple.
  7175 | D:6      | Found a broken altar of Ashenzari.
  7183 | D:6      | Found a shimmering altar of Xom.
  7282 | Temple   | Entered the Ecumenical Temple
  7451 | D:7      | Noticed Maggie
  7524 | D:7      | Reached XP level 9. HP: 42/48 MP: 7/13
  7749 | D:7      | Learned a level 3 spell: Volatile Blastmotes
  7902 | D:7      | Found an opulent altar of Gozag.
  7902 | D:7      | Found a sparkling altar of Nemelex Xobeh.
  7909 | D:7      | Identified the +0 robe "Suovomp" {-Cast rPois Regen+ Int-4}
  8629 | D:8      | Found a sand-covered staircase.
  8635 | Ossuary  | Entered an ossuary
  8694 | Ossuary  | Reached skill level 10 in Fire Magic
  9288 | D:8      | You are sucked into a shaft and drop 1 floor!
  9333 | D:9      | Noticed a hornet
  9343 | D:9      | Killed a hornet
  9448 | D:9      | Noticed a hornet
  9448 | D:9      | Slain by an orc warrior

Illustrated notes

Levels and vault maps discovered:
D:1:      kb_arrival_jail, layout_loops_ring, shapermc_ecumenical_altar_ellora
D:2:      layout_basic, uniq_robin
D:3:      layout_basic, portal_sewer_entry_b, serial_shops,
          nicolae_shop_tiny_statue_garden, uniq_natasha, uniq_terence
D:4:      layout_loops_ring, nicolae_dithmenos_the_darkroom,
          uniq_crazy_yiuf_cottage, uniq_duvessa, uniq_ijyb, uniq_eustachio
D:5:      layout_basic, elyvilon_altar_3, hangedman_abyss_or_decor_passed,
          serial_bayou_pond_d
D:6:      layout_rooms, minitemple, minmay_temple_entry_poolview,
          dreamdust_mushroom_princess
D:7:      layout_loops_ring, grunt_temple_overflow_opulence, uniq_maggie
D:8:      layout_loops_ring, enter_ossuary_1, due_unseen_surprise
D:9:      minmay_the_grid_square_5x5_3x3 [minmay_the_grid_square_5x5_spiral,
          minmay_the_grid_square_5x5_corner, minmay_the_grid_square_5x5_dogpile,
          minmay_the_grid_square_5x5_tri_point,
          minmay_the_grid_square_5x5_megaprize_open,
          minmay_the_grid_square_5x5_moneybag, minmay_the_grid_square_5x5_inset,
          minmay_the_grid_square_5x5_inner_v, minmay_the_grid_square_5x5_n],
          layout_long_grid, nicolae_overflow_hidden_temple, nrook_uturn
Temple:   nicolae_temple_no_exploring_needed

Skill      XL: |  1  2  3  4  5  6  7  8  9 |
---------------+----------------------------+-----
Conjurations   | 2 3 4 5 6 7 8 |  8.1
Fire Magic     | 4 5 6 7 8 9 10 | 10.2
Fighting       | 2 3 |  3.4
Translocations | 1 2 |  2.0
Hexes          | 1 2 |  2.0
Dodging        | 3 4 |  4.4
Stealth        | |  2.0
Spellcasting   | |  2.0

Action                     |  1- 3 |  4- 6 |  7- 9 || total
---------------------------+-------+-------+-------++-------
  Melee: Dagger            |       |    18 |    21 ||    39
         Kick              |       |     5 |     9 ||    14
         Peck              |       |     2 |     9 ||    11
         Punch             |       |     1 |       ||     1
         Unarmed           |       |       |     7 ||     7
   Cast: Foxfire           |    38 |    30 |    66 ||   134
         Scorch            |     5 |    49 |    61 ||   115
         Inner Flame       |       |       |    13 ||    13
         Volatile Blastmot |       |       |     7 ||     7
    Use: Scroll            |     1 |       |     8 ||     9
         Potion            |       |     2 |       ||     2
 Armour: Robe              |       |    10 |     7 ||    17
  Dodge: Dodged            |     5 |    37 |    26 ||    68
